 Dungeon Sprint DCSS version 0.27.1-33-g824d729ab1 (webtiles) character file.

Game seed: 5532657180450153683

28336 Hipnos the Warrior (level 13, 0/102 HPs)
             Began as a Gargoyle Berserker on Dec 2, 2021.
             Was a High Priest of Trog.
             Slain by Lom Lobon (19 damage)
             ... in the Dungeon (Sprint I: "Red Sonja").
             The game lasted 00:36:20 (6360 turns).

Hipnos the Warrior (Gargoyle Berserker)             Turns: 6360, Time: 00:36:20

Health: 0/102      AC: 43    Str: 27    XL:     13   Next: 38%
Magic:  4/4        EV:  9    Int:  8    God:    Trog [*****.]
Gold:   2134       SH: 11    Dex:  9    Spells: 12/12 levels left

rFire    + + .     SeeInvis .   w - +3 morningstar (antimagic)
rCold    + + +     Faith    .   r - +0 buckler
rNeg     + . .     Spirit   .   l - +2 plate armour {rC+}
rPois    ∞         Reflect  +   E - +2 helmet {Int+3}
rElec    +         Harm     .   p - +1 cloak {rCorr}
rCorr    +         Rampage  .   G - +2 pair of gloves
Will     .....     Rnd*Rage +   v - +0 pair of boots Stlth ..........NoTele +
                                S - amulet of reflection
HPRegen  0.27/turn              F - ring of protection from fire
MPRegen  0.09/turn              Q - ring of protection from cold

@: mighty, silenced, resistant, hasted, very quick
A: sickness immunity, AC +9, negative energy resistance 1, electricity
resistance, torment resistance 1, petrification resistance, iridescent scales 1,
berserk 1, dopey 1, mutation resistance 1
a: Renounce Religion


You were in the Dungeon.
You worshipped Trog.
Trog was extremely pleased with you.
You visited 1 branch You collected 5710 gold pieces.
You spent 3576 gold pieces at shops.

Inventory:

Hand Weapons
 a - a +0 mace
 w - a +3 antimagic morningstar (weapon)
 x - a +4 great mace of flaming
 A - a +2 vorpal dire flail
 B - the +4 eveningstar "Ehiong" {vorpal, Fly rPois Str+5 Stlth-}
   (Trog gifted it to you in the Dungeon)

   It inflicts extra damage upon your enemies.
   Str:       It affects your strength (+5).
   rPois:     It protects you from poison.
   Fly:       It grants you flight.
   Stlth:     It makes you less stealthy.
 H - the +11 demon whip of the Fulmar {flame, Str+2}
   (Trog gifted it to you in the Dungeon)

   It burns those it strikes, dealing additional fire damage.
   Str:       It affects your strength (+2).
 I - a +3 vorpal eveningstar
 K - a +1 falchion of protection
 T - the +5 demon whip "Spellbinder" {antimagic, Will+}
   (You found it in the Dungeon)

   It reduces the magical energy of the wielder, and disrupts the spells and
   magical abilities of those it strikes.
   Natural abilities and divine invocations are not affected.
   It unleashes wild and unpredictable magical effects upon striking a wizard or
   a creature with magical abilities.
   Will:      It increases your willpower.
Armour
 b - a +0 animal skin
 d - the +1 ring mail of Anaesthesia {Int+2}
   (You found it in the Dungeon)

   Int:       It affects your intelligence (+2).
 i - a +0 leather armour
 j - a +0 chain mail
 l - a +2 plate armour of cold resistance (worn)
 o - a +0 helmet
 p - a +1 cloak of preservation (worn)
 q - a +2 chain mail of fire resistance
 r - a +0 buckler (worn)
 v - a +0 pair of boots (worn)
 E - a +2 helmet of intelligence (worn)
 G - a +2 pair of gloves (worn)
 J - a +0 cloak of poison resistance
Jewellery
 F - a ring of protection from fire (left hand)
 N - a +6 ring of intelligence
 Q - a ring of protection from cold (right hand)
 S - an amulet of reflection (around neck)
 V - an amulet of magic regeneration
Wands
 u - a wand of digging (8)
Scrolls
 h - 2 scrolls of blinking
 m - a scroll of vulnerability
 n - a scroll of holy word
 s - a scroll of silence
 y - a scroll of torment
 M - a scroll of fog
 O - 3 scrolls of summoning
 R - a scroll of magic mapping
Potions
 c - 10 potions of curing
 f - 2 potions of magic
 g - 2 potions of berserk rage
 k - a potion of flight
 t - a potion of lignification {unknown}
 z - a potion of attraction {unknown}
 D - a potion of might
 L - a potion of degeneration
Miscellaneous
 C - a phantom mirror
 U - a piece from Xom's chessboard (15/15)


   Skills:
 * Level 20.5 Fighting
 * Level 19.0 Maces & Flails
 * Level 17.8 Armour
 - Level 3.4 Dodging
 + Level 3.7 Stealth
 * Level 11.9 Shields


You had 12 spell levels left.
You didn't know any spells.
Your spell library was empty.

Dungeon Overview and Level Annotations

Branches:
Dungeon (1/1)

Altars:
Cheibriados
Dithmenos
Elyvilon
Fedhas
Gozag
Hepliaklqana
Kikubaaqudgha
Makhleb
Nemelex Xobeh
Okawaru
Qazlal
Ru
Sif Muna
Trog
Uskayaw
Vehumet
Wu Jian
Xom
Yredelemnul
Zin
The Shining One
Jiyva
Lugonu

Shops:
D !!([:?[:!(*=[=*=[[=[*:

Annotations:
D exclusion: oklob plant, Lom Lobon, Tiamat


Innate Abilities, Weirdness & Mutations

You are immune to sickness and miasma.
Your stone body is resilient. (AC +9)
You are immune to poison.
You resist negative energy. (rN+)
You are resistant to electric shocks. (rElec)
You are resistant to unholy torment.
You are immune to petrification.
You are partially covered in iridescent scales. (AC +2)
You tend to lose your temper in combat.
You are dopey. (Int -2)
You are somewhat resistant to further mutation.


Message History

A profound silence engulfs you.
Lom Lobon blinks!
Your deep troll is engulfed in dark miasma.
Your deep troll looks even sicker.
You feel yourself speed up. Lom Lobon hits your deep troll!!
Your deep troll is engulfed in dark miasma.
Your deep troll looks even sicker.
Your deep troll dies!
Your deep troll's corpse disappears in a puff of smoke!
You feel very mighty all of a sudden. Lom Lobon gestures at you.
Lom Lobon conjures a mighty blast of ice!
The great icy blast engulfs you!! You partially resist.
You are encased in ice.
You feel protected.
Your skin stops crawling.
You feel less strong-willed.
Lom Lobon gestures. 3 ball lightnings come into view.
The ball lightning explodes!
The blast of lightning engulfs you! You resist.
The blast of lightning engulfs Lom Lobon.
Lom Lobon completely resists.
The blast of lightning engulfs the ball lightning.
The ball lightning completely resists.
The blast of lightning engulfs the ball lightning.
The ball lightning completely resists.
You miss Lom Lobon. The ice encasing you melts away.
The ball lightning explodes!
The blast of lightning engulfs you! You resist.
The blast of lightning engulfs Lom Lobon.
Lom Lobon completely resists.
The blast of lightning engulfs the ball lightning.
The ball lightning completely resists.
You closely miss Lom Lobon.
The ball lightning explodes!
The blast of lightning engulfs Lom Lobon.
Lom Lobon completely resists.
The blast of lightning engulfs you! You resist.
* * * LOW HITPOINT WARNING * * *
Okay, then.
You closely miss Lom Lobon. Lom Lobon hits you!!
You die...

§§#§#####...###....#.#≈≈≈##......
.#§.#)..#####...####.#≈≈≈≈##)..:.
≈####.........###..^,#≈≈≈≈≈######
≈##()....)#####°○..####≈≈≈≈#≈≈≈≈≈
###.(....##°.○○°°^○#..#'≈≈≈'≈≈.○≈
# #)....##°°○.○°○°°#...##≈≈#≈≈≈≈○
###.....#.○○°○°○°○§#....######'##
∩########***#§°○○§§#....#≈≈≈≈≈≈≈≈
###≈≈≈d≈≈≈≈.#°°§@&°#######≈)≈≈≈≈≈
# ###########°°☼°○°'.)#}['...≈≈≈≈
#..0..+.^..°°○°°°#:)'.:#.......
###############################


You could see Lom Lobon.

Vanquished Creatures
  A golden dragon (D)
  the Lernaean hydra (D)
  A deep elf master archer (D)
  4 fire giants (D)
  A lorocyproca (D)
  A deep elf annihilator (D)
  A hydra (D)
  2 centaur warriors (D)
  Sonja (D)
  A deep troll (D)
  A lindwurm (D)
  An oklob plant (D)
  4 shining eyes (D)
  2 merfolk sirens (D)
  A gargoyle (D)
  7 unseen horrors (D)
  2 kobold demonologists (D)
  2 demonic crawlers (D)
  A hellwing (D)
  5 hornets (D)
  A slime creature (D)
  Sigmund (D)
  2 redbacks (D)
  A yak (D)
  13 hogs (D)
  4 floating eyes (D)
  An ogre (D)
  7 necrophages (D)
  8 jellies (D)
  Ijyb (D)
79 creatures vanquished.

Vanquished Creatures (collateral kills)
  A shadow dragon (D)
  4 shining eyes (D)
  2 demonic crawlers (D)
  3 floating eyes (D)
10 creatures vanquished.

Vanquished Creatures (others)
  A gargoyle (D)
  6 ball lightnings (D)
  2 ballistomycete spores (D)
9 creatures vanquished.

Grand Total: 98 creatures vanquished

Notes
Turn   | Place    | Note
-------+----------+-------------------------------------------
     0 | D        | Hipnos the Gargoyle Berserker began the quest for the Orb.
     0 | D        | Reached XP level 1. HP: 14/14 MP: 1/1
     1 | D        | Noticed Ijyb
    14 | D        | Killed Ijyb
    15 | D        | Reached skill level 5 in Fighting
    15 | D        | Reached XP level 2. HP: 11/21 MP: 2/2
    15 | D        | Reached XP level 3. HP: 14/26 MP: 3/3
   210 | D        | Noticed an ogre
   216 | D        | Killed an ogre
   217 | D        | Reached skill level 7 in Fighting
   217 | D        | Reached XP level 4. HP: 34/34 MP: 4/4
   244 | D        | Noticed Sigmund
   277 | D        | Killed Sigmund
   277 | D        | Reached ** piety under Trog
   278 | D        | Reached skill level 9 in Fighting
   278 | D        | Reached XP level 5. HP: 31/41 MP: 5/5
   278 | D        | Reached XP level 6. HP: 35/47 MP: 6/6
   364 | D        | Found an ornate altar of the Wu Jian Council.
   364 | D        | Found a shimmering blue altar of Sif Muna.
   366 | D        | Found a radiant altar of Vehumet.
   367 | D        | Identified the +1 ring mail of Anaesthesia {Int+2}
   410 | D        | Found Quxtijop's Armour Emporium.
   410 | D        | Found an ancient bone altar of Kikubaaqudgha.
   410 | D        | Found a hazy altar of Hepliaklqana.
   410 | D        | Found a stormy altar of Qazlal.
   410 | D        | Found a hide-covered altar of Uskayaw.
   410 | D        | Found a blossoming altar of Fedhas.
   410 | D        | Found a bloodstained altar of Trog.
   410 | D        | Found an iron altar of Okawaru.
   410 | D        | Found a basalt altar of Yredelemnul.
   410 | D        | Found a glowing golden altar of the Shining One.
   410 | D        | Found a snail-covered altar of Cheibriados.
   410 | D        | Found a sacrificial altar of Ru.
   410 | D        | Found a glowing silver altar of Zin.
   410 | D        | Found a shadowy altar of Dithmenos.
   410 | D        | Found a white marble altar of Elyvilon.
   410 | D        | Noticed a yak
   418 | D        | Killed a yak
   419 | D        | Reached skill level 10 in Fighting
   419 | D        | Reached skill level 10 in Maces & Flails
   419 | D        | Reached XP level 7. HP: 38/53 MP: 7/7
   419 | D        | Found an opulent altar of Gozag.
   420 | D        | Found a sparkling altar of Nemelex Xobeh.
   432 | D        | Bought a +0 chain mail for 63 gold pieces
   512 | D        | Found a burning altar of Makhleb.
   512 | D        | Found a viscous altar of Jiyva.
   512 | D        | Found a shimmering altar of Xom.
   512 | D        | Found a corrupted altar of Lugonu.
   512 | D        | Noticed a slime creature
   518 | D        | Killed a slime creature
   518 | D        | Reached *** piety under Trog
   519 | D        | Reached skill level 11 in Fighting
   519 | D        | Reached skill level 5 in Armour
   606 | D        | Noticed a kobold demonologist
   606 | D        | Noticed a kobold demonologist
   607 | D        | Paralysed by a floating eye for 3 turns
   614 | D        | Noticed an orange demon
   616 | D        | Killed a kobold demonologist
   617 | D        | Reached skill level 12 in Fighting
   617 | D        | Reached XP level 8. HP: 61/61 MP: 8/8
   632 | D        | Killed a kobold demonologist
   632 | D        | Reached **** piety under Trog
   652 | D        | Killed a gargoyle
   676 | D        | Noticed Sonja
   692 | D        | Killed Sonja
   693 | D        | Reached skill level 13 in Fighting
   693 | D        | Reached XP level 9. HP: 38/68 MP: 9/9
   748 | D        | Found Emamira's Distillery.
   756 | D        | Bought a potion of curing for 30 gold pieces
   756 | D        | Bought a potion of heal wounds for 50 gold pieces
   830 | D        | Noticed a deep troll
   838 | D        | Killed a deep troll
   839 | D        | Reached skill level 14 in Fighting
   849 | D        | Found Tituru's Armour Emporium.
   853 | D        | Bought a +0 helmet for 63 gold pieces
   853 | D        | Bought a +1 cloak of preservation for 231 gold pieces
   853 | D        | Bought a +2 chain mail of fire resistance for 301 gold
                  | pieces
   853 | D        | Bought a +0 buckler for 63 gold pieces
   927 | D        | Noticed a demonic crawler
   927 | D        | Noticed a demonic crawler
   927 | D        | Noticed a demonic crawler
   927 | D        | Noticed a demonic crawler
   936 | D        | Killed a demonic crawler
   937 | D        | Reached skill level 1 in Shields
   939 | D        | Killed a demonic crawler
   944 | D        | Killed a demonic crawler
   957 | D        | Killed a demonic crawler
   981 | D        | Noticed a lindwurm
  1101 | D        | Killed a lindwurm
  1102 | D        | Reached skill level 10 in Armour
  1102 | D        | Reached XP level 10. HP: 76/76 MP: 10/10
  1147 | D        | Reached ***** piety under Trog
  1161 | D        | Reached skill level 15 in Fighting
  1161 | D        | Reached skill level 15 in Maces & Flails
  1188 | D        | Received a gift from Trog
  1232 | D        | Noticed a 12-headed hydra
  1246 | D        | Killed a 13-headed hydra
  1247 | D        | Reached skill level 5 in Shields
  1247 | D        | Paralysed by a floating eye for 2 turns
  1250 | D        | Received a gift from Trog
  1435 | D        | Noticed a gargoyle
  1442 | D        | Killed a gargoyle
  1443 | D        | Reached skill level 16 in Fighting
  1570 | D        | Noticed a merfolk siren
  1570 | D        | Noticed a deep elf annihilator
  1581 | D        | Killed a merfolk siren
  1592 | D        | Noticed a merfolk siren
  1603 | D        | Killed a merfolk siren
  1604 | D        | Reached XP level 11. HP: 74/83 MP: 3/11
  1727 | D        | Noticed a daeva
  1907 | D        | Reached ****** piety under Trog
  1908 | D        | Reached skill level 1 in Stealth
  2100 | D        | Killed a lorocyproca
  3179 | D        | Noticed a centaur warrior
  3179 | D        | Noticed a centaur warrior
  3185 | D        | Killed a centaur warrior
  3186 | D        | Reached skill level 17 in Fighting
  3190 | D        | Killed a centaur warrior
  3190 | D        | Received a gift from Trog
  3365 | D        | Noticed an oklob plant
  3370 | D        | Killed an oklob plant
  3621 | D        | Identified the +4 eveningstar "Ehiong" {vorpal, Fly rPois
                  | Str+5 Stlth-} (Trog gifted it to you in the Dungeon)
  3621 | D        | Received a gift from Trog
  3674 | D        | Received a gift from Trog
  3704 | D        | Found Kukus's Book Shoppe.
  3704 | D        | Found Pokletys's Antique Armour Shop.
  3704 | D        | Found Jingaep's Distillery.
  3706 | D        | Found Mezaq's Weapon Emporium.
  3706 | D        | Found Ituh's Assorted Antiques.
  3706 | D        | Found Seaddum's Jewellery Shoppe.
  3706 | D        | Found Luprelui's Antique Armour Boutique.
  3706 | D        | Found Yzoepui's Jewellery Emporium.
  3706 | D        | Found Egeoxag's Assorted Antiques.
  3706 | D        | Found Naiten's Jewellery Shoppe.
  3710 | D        | Bought a potion of might for 44 gold pieces
  3710 | D        | Found Ungoklos's Antique Armour Boutique.
  3711 | D        | Found Wuegurela's Jewellery Emporium.
  3711 | D        | Found Ytenlem's Armour Boutique.
  3712 | D        | Found Rurghatha's General Store.
  3716 | D        | Bought a shiny helmet for 202 gold pieces
  3721 | D        | Bought a ring of protection from fire for 325 gold pieces
  3723 | D        | Bought a +2 pair of gloves for 214 gold pieces
  3901 | D        | Noticed a fire giant
  3919 | D        | Killed a fire giant
  3920 | D        | Reached skill level 18 in Fighting
  3920 | D        | Reached skill level 15 in Armour
  3920 | D        | Reached XP level 12. HP: 92/92 MP: 4/12
  3993 | D        | Noticed a fire giant
  4008 | D        | Killed a fire giant
  4008 | D        | Identified the +11 demon whip of the Fulmar {flame, Str+2}
                  | (Trog gifted it to you in the Dungeon)
  4008 | D        | Received a gift from Trog
  4054 | D        | Noticed a fire giant
  4065 | D        | HP: 4/93 [fire giant (3)]
  4074 | D        | Killed a fire giant
  4301 | D        | Noticed a fire giant
  4315 | D        | Killed a fire giant
  4321 | D        | Found the +4 dragonskin cloak
  4321 | D        | Noticed Tiamat
  4392 | D        | Noticed a shadow dragon
  4394 | D        | Noticed a golden dragon
  4396 | D        | Killed a shadow dragon
  4396 | D        | Received a gift from Trog
  4401 | D        | Killed a golden dragon
  4402 | D        | Reached skill level 19 in Fighting
  4479 | D        | Found Agiloe's Book Shoppe.
  4579 | D        | Bought a potion of flight for 30 gold pieces
  4621 | D        | Bought a potion of resistance for 100 gold pieces
  4674 | D        | Bought a ring of protection from cold for 350 gold pieces
  4689 | D        | Bought a scroll labelled PUARPHO VOKARU for 30 gold pieces
  4689 | D        | Bought a scroll labelled YRCHAN TEIDUNO for 30 gold pieces
  4693 | D        | Bought a scroll labelled NAMISHRA MAGYT for 22 gold pieces
  4693 | D        | Bought a scroll labelled PUARPHO VOKARU for 22 gold pieces
  4693 | D        | Bought a scroll labelled NAMISHRA MAGYT for 22 gold pieces
  4694 | D        | Bought an amulet of reflection for 420 gold pieces
  5275 | D        | Paralysed by a floating eye for 2 turns
  5289 | D        | Received a gift from Trog
  5290 | D        | Reached skill level 10 in Shields
  5299 | D        | Gained mutation: You tend to lose your temper in combat. [a
                  | shining eye]
  5307 | D        | Gained mutation: You are partially covered in iridescent
                  | scales. (AC +2) [a shining eye]
  5313 | D        | Gained mutation: You are dopey. (Int -2) [a shining eye]
  5337 | D        | Gained mutation: You are somewhat resistant to further
                  | mutation. [a shining eye]
  5342 | D        | Paralysed by a floating eye for 4 turns
  5348 | D        | Reached XP level 13. HP: 101/101 MP: 4/13
  5363 | D        | Found Yzimieg's Distillery.
  5363 | D        | Found Zeumait's Book Shop.
  5363 | D        | Found Efirois's Antique Weapon Emporium.
  5363 | D        | Found Ystrauh's Magic Scroll Boutique.
  5378 | D        | Bought a scroll of enchant armour for 90 gold pieces
  5378 | D        | Bought a scroll of silence for 90 gold pieces
  5378 | D        | Bought a scroll of identify for 24 gold pieces
  5378 | D        | Bought a scroll of identify for 24 gold pieces
  5411 | D        | Bought a +2 plate armour of cold resistance for 560 gold
                  | pieces
  5510 | D        | Bought a potion of might for 44 gold pieces
  5522 | D        | Bought a potion of curing for 33 gold pieces
  5522 | D        | Bought a potion of curing for 33 gold pieces
  5522 | D        | Bought a potion of curing for 33 gold pieces
  5522 | D        | Bought a potion of curing for 33 gold pieces
  5619 | D        | Received a gift from Trog
  5637 | D        | Noticed a mummy priest
  5652 | D        | Killed a deep elf annihilator
  5653 | D        | Reached skill level 20 in Fighting
  5901 | D        | Noticed the 27-headed Lernaean hydra
  5918 | D        | Killed the 27-headed Lernaean hydra
  6112 | D        | Noticed a deep elf master archer
  6165 | D        | Found the +7 captain's cutlass {speed, disarm}
  6167 | D        | Found the +5 demon whip "Spellbinder" {antimagic, Will+}
  6280 | D        | Killed a deep elf master archer
  6335 | D        | Identified the +8 plate armour of Rotegg {rElec Will-
                  | Int+5}
  6351 | D        | Noticed Lom Lobon
  6360 | D        | Slain by Lom Lobon

Illustrated notes

Levels and vault maps discovered:
D:        dungeon_sprint_1 [red_sonja_temple_1, red_sonja_temple_small_1]

Skill      XL: |  1  2  3  4  5  6  7  8  9 10 11 12 13 |
---------------+----------------------------------------+-----
Fighting       | 5 7 9 10 12 13 14 16 18 19 20 | 20.5
Maces & Flails | 4 6 8 10 11 13 14 16 17 18 19 | 19.0
Armour         | 3 4 6 7 10 12 15 17 | 17.8
Dodging        | 2 3 |  3.4
Shields        | 3 5 8 10 11 | 11.9
Stealth        | 2 3 |  3.7

Action                   |  1- 3 |  4- 6 |  7- 9 | 10-12 | 13-15 || total
-------------------------+-------+-------+-------+-------+-------++-------
Melee: Mace              |    15 |    22 |    82 |    60 |       ||   179
       Morningstar       |       |       |       |   206 |    54 ||   260
Invok: Berserk           |     2 |     1 |     5 |     9 |     1 ||    18
       Trog's Hand       |       |       |     2 |     3 |     3 ||     8
       Brothers in Arms  |       |       |     2 |     3 |     2 ||     7
  Use: Potion            |       |     1 |       |     1 |     5 ||     7
       Scroll            |       |       |       |     3 |     7 ||    10
 Stab: Distracted        |       |       |       |     1 |       ||     1
Armor: Animal skin       |     2 |       |       |       |       ||     2
       Skin              |       |     6 |       |       |       ||     6
       Leather armour    |       |     3 |       |       |       ||     3
       Ring mail         |       |     2 |       |       |       ||     2
       Chain mail        |       |       |    87 |   209 |       ||   296
       Plate armour      |       |       |       |       |   152 ||   152
Dodge: Dodged            |     5 |     6 |    50 |    72 |    39 ||   172
Block: Buckler           |       |       |     8 |    49 |    57 ||   114
       Reflection        |       |       |       |       |     6 ||     6
